Construct Section Command Post
Construct Platoon Command Post
Selects Heavy Armor Battlegroup
Selects Light Vehicle Withdraw and Refit
Light Vehicle Withdraw and Refit
6-pounder Anti-tank Gun Team
6-pounder Anti-tank Gun Team
Selects Engineer Detachments
Light Vehicle Withdraw and Refit
6-pounder Anti-tank Gun Team
Light Vehicle Withdraw and Refit
Construct Company Command Post
Selects Forward Repair Assembly
Unlock M3 Grant Medium Tanks
Selects Crusader AA Medium Tank
Construct Field Infirmary
Unlock Towed 17-pounder Anti-tank Guns
17-pounder Anti-tank Gun Team